 Dungeon Crawl Stone Soup version 0.20-a0-222-gb69ddcd (webtiles) character file.

431 patrickswayze the Covert (level 6, 0/36 HPs)
             Began as a Deep Elf Chaos Knight on Nov 30, 2016.
             Slain by an iguana (9 damage)
             ... on level 4 of the Dungeon.
             The game lasted 00:04:43 (2857 turns).

patrickswayze the Covert (Deep Elf Chaos Knight)    Turns: 2857, Time: 00:04:44

Health: 0/36       AC:  5    Str: 11    XL:     6   Next: 66%
Magic:  8/8        EV: 12    Int: 17    God:    Xom [....*.]
Gold:   169        SH:  0    Dex: 16    Spells: 5/5 levels left

rFire  . . .     SeeInvis .     a - +0 short sword (chaos)
rCold  . . .     Gourm    .     b - +2 leather armour
rNeg   . . .     Faith    .     (no shield)
rPois  .         Spirit   .     (no helmet)
rElec  .         Reflect  .     (no cloak)
rCorr  .         Harm     .     (no gloves)
MR     .....                    (no boots)
Stlth  ++++......               (no amulet)
                                (no ring)
                                (no ring)

@: no status effects
A: strong 1
a: Renounce Religion


You were on level 4 of the Dungeon.
You worshipped Xom.
You were a beloved toy of Xom.
You were not hungry.

You visited 1 branch of the dungeon, and saw 4 of its levels.

You collected 169 gold pieces.


Innate Abilities, Weirdness & Mutations

Your muscles are strong. (Str +2)


   Skills:
 - Level 2.4 Fighting
 + Level 4.0 Short Blades
 - Level 0.7 Armour
 - Level 2.4 Dodging
 - Level 8.2 Stealth


You had 5 spell levels left.
You didn't know any spells.

Inventory:

Hand Weapons
 a - a +0 short sword of chaos (weapon)
Missiles
 h - 106 stones (quivered)
 r - 2 steel javelins
Armour
 b - a +2 leather armour (worn)
 q - a +0 pair of gloves
Scrolls
 e - 2 scrolls of immolation {unknown}
 f - a scroll of remove curse {unknown}
 j - 2 scrolls of random uselessness {unknown}
 l - a scroll of enchant weapon {unknown}
 m - a scroll of identify {unknown}
 o - 4 scrolls of noise {unknown}
 p - a scroll of teleportation {unknown}
 u - 3 scrolls of enchant armour {unknown}
Potions
 g - a potion of brilliance {unknown}
 i - a potion of cure mutation {unknown}
 k - a potion of mutation {unknown}
 t - a potion of ambrosia {unknown}
 v - a potion of degeneration {unknown}
Comestibles
 c - 3 bread rations
 d - 4 meat rations
 n - 2 chunks of flesh
 s - a beef jerky
 w - a slice of pizza


Message History

The iguana closely misses you. The ooze misses you.
You barely miss the iguana.
The iguana is moderately wounded.
The iguana bites you! The ooze hits you.
* * * LOW HITPOINT WARNING * * *
You hit the iguana but do no damage.
The iguana is poisoned.
The iguana is moderately wounded.
The iguana bites you but does no damage.
The ooze misses you.
You hit the iguana but do no damage.
The iguana is heavily wounded.
The ooze hits you.
* * * LOW HITPOINT WARNING * * *
The iguana barely misses you. The ooze barely misses you.
The iguana looks more healthy.
You hit the iguana.
You feel better.
The iguana is almost dead.
The iguana bites you!
You die...

..#.# #.#.##############
.................#
.................#
.................#######
....)...................
........................
....).................[.
.........#######@.......
.........#######lJ......
......<..............>..
##.#########.###........
#..# #####.##.........
##.# #..........%.....
.. #.................
#.##.......%.........
..#.................


You could see an iguana and an ooze.

Vanquished Creatures
  Eustachio (D:4)
  Duvessa (D:4)
  Dowan (D:4)
  A scorpion (D:4)
  2 adders
  2 oozes
  A worm (D:3)
  3 dart slugs
  3 leopard geckos
  An orc (D:3)
  A ball python (D:2)
  4 bats
  4 giant cockroaches
  14 goblins
  8 hobgoblins
  3 jackals (D:3)
  10 kobolds
  2 quokkas
  A ball python skeleton (D:4)
  A frilled lizard (D:1)
  A giant cockroach zombie (D:3)
  10 rats
75 creatures vanquished.

Vanquished Creatures (collateral kills)
  A phantom (D:4)
  A dart slug (D:4)
2 creatures vanquished.

Grand Total: 77 creatures vanquished

Notes
Turn   | Place    | Note
-------+----------+-------------------------------------------
     0 | D:1      | patrickswayze the Deep Elf Chaos Knight began the quest for the Orb.
     0 | D:1      | Reached XP level 1. HP: 13/13 MP: 3/3
   170 | D:1      | Reached skill level 1 in Stealth
   401 | D:1      | Reached skill level 2 in Stealth
   425 | D:1      | Reached XP level 2. HP: 18/18 MP: 4/4
   604 | D:1      | XOM: harmless Hex miscast
   607 | D:1      | Reached skill level 3 in Stealth
   761 | D:2      | XOM: noise
   771 | D:2      | Found a glowing golden altar of the Shining One.
   843 | D:2      | Reached XP level 3. HP: 18/22 MP: 5/5
   887 | D:2      | Found an ancient bone altar of Kikubaaqudgha.
   916 | D:2      | Reached skill level 4 in Stealth
  1132 | D:2      | XOM: harmless Erth miscast
  1197 | D:2      | XOM: harmless Necr miscast
  1499 | D:2      | XOM: divination: detect creatures
  1508 | D:2      | XOM: harmless Erth miscast
  1599 | D:3      | Reached XP level 4. HP: 27/27 MP: 6/6
  1609 | D:3      | Reached skill level 5 in Stealth
  1653 | D:3      | Found a shadowy altar of Dithmenos.
  2346 | D:3      | Found an iron altar of Okawaru.
  2456 | D:4      | XOM: stealth player
  2471 | D:4      | XOM: summons friendly quasit
  2678 | D:3      | XOM: divination: detect items
  2694 | D:4      | XOM: give mutation
  2694 | D:4      | Gained mutation: Your muscles are strong. (Str +2) [Xom's grace]
  2695 | D:4      | Noticed an ice beast
  2745 | D:4      | Noticed Eustachio
  2745 | D:4      | Noticed a phantom
  2757 | D:4      | XOM: summons 4 friendly demons
  2764 | D:4      | Killed Eustachio
  2764 | D:4      | Reached skill level 6 in Stealth
  2764 | D:4      | Reached XP level 5. HP: 24/31 MP: 7/7
  2770 | D:4      | Killed a phantom
  2770 | D:4      | Reached skill level 7 in Stealth
  2781 | D:4      | Noticed Duvessa
  2782 | D:4      | Noticed Dowan
  2791 | D:4      | Killed Duvessa
  2791 | D:4      | Reached skill level 8 in Stealth
  2791 | D:4      | Reached XP level 6. HP: 27/36 MP: 8/8
  2803 | D:4      | Killed Dowan
  2830 | D:4      | XOM: enchant monster (good)
  2845 | D:4      | HP: 7/36 [ooze (4)]
  2857 | D:4      | Slain by an iguana

Vault maps used:
D:1:      dpeg_arrival_refuge
D:2:      lemuel_round_altar, kiku_gazebo_garden_becter, serial_glass,
          glass_columns_a, glass_columns_a, glass_columns_b, glass_columns_c,
          item_on_display_a, kennysheep_flooded_box
D:3:      nicolae_overflow_hidden_temple, okawaru_gym_becter
D:4:      first_bread, uniq_duvessa, uniq_eustachio

Action                   |  1- 3 |  4- 6 || total
-------------------------+-------+-------++-------
Melee: Short sword       |   106 |   126 ||   232
 Stab: Sleeping          |     6 |     5 ||    11
       Distracted        |     1 |     1 ||     2
       Petrified         |       |     1 ||     1
  Eat: Chunk             |     2 |     4 ||     6
Armor: Leather armour    |    31 |    33 ||    64
Dodge: Dodged            |    59 |    72 ||   131
